 Dungeon Crawl Stone Soup version 0.24-a0-520-g8fd06ad0bc (webtiles) character file.

Game seed: 16769222408355787465

4582 KristoblXynda the Carver (level 10, -4/124 HPs)
             Began as a Purple Draconian Skald on July 27, 2019.
             Was a Believer of Ashenzari.
             Killed by divine providence
             ... invoked by an orc priest
              (11 damage)
             ... on level 8 of the Dungeon.
             The game lasted 00:16:43 (9813 turns).

KristoblXynda the Carver (Purple Draconian Skald)   Turns: 9813, Time: 00:16:44

Health: -4/124     AC: 25    Str: 13    XL:     10   Next: 18%
Magic:  15/16      EV:  2    Int: 18    God:    Ashenzari [**....]
Gold:   296        SH:  0    Dex: 10    Spells: 11/17 levels left

rFire    . . .     SeeInvis .   d - +3 long sword (freeze) (curse)
rCold    . . .     Gourm    .   (no shield)
rNeg     + + +     Faith    .   (armour unavailable)
rPois    +         Spirit   .   (helmet currently unavailable)
rElec    .         Reflect  .   (cloak currently unavailable)
rCorr    .         Harm     .   (gloves currently unavailable)
MR       +....     NoTele   +   (boots currently unavailable)
Stlth    +.........             (no amulet)
HPRegen  0.30/turn              (no ring)
MPRegen  0.15/turn              (no ring)

@: lethally poisoned (-4 -> -4), tree-form (expiring)
A: (breathe power), unfitting armour, AC +7
a: Curse Item, Scrying, Renounce Religion


You were on level 8 of the Dungeon.
You worshipped Ashenzari.
Ashenzari was pleased with you.
You were not hungry.
You were a tree.
You visited 2 branches of the dungeon, and saw 9 of its levels.

You collected 296 gold pieces.

Inventory:

Hand Weapons
 b - a +0 dagger of venom
 d - a cursed +3 long sword of freezing (weapon)
Armour
 j - a cursed +2 cloak (melded)
Jewellery
 k - an uncursed ring of fire
Wands
 h - a wand of scattershot (2)
Scrolls
 a - 3 scrolls of teleportation
 e - 3 scrolls of amnesia
 l - a scroll of blinking
Potions
 f - 2 potions of mutation
 g - a potion of magic
 i - a potion of ambrosia
 m - 2 potions of flight
 o - a potion of brilliance
Comestibles
 c - 6 rations


   Skills:
 - Level 5.6 Fighting
 + Level 9.1(11.3) Long Blades
 + Level 7.1 Dodging
 + Level 4.3 Spellcasting
 + Level 8.9 Charms


You had 11 spell levels left.
You knew the following spells:

 Your Spells              Type           Power        Failure   Level  Hunger
b - Regeneration          Chrm/Necr      ###.......   7%          3    ###....
c - Spectral Weapon       Hex/Chrm       ###.....     7%          3    ###....

Your spell library contained the following spells:

 Spells                   Type           Power        Failure   Level  Hunger
 Infusion                 Chrm           ####         1%          1    None
 Song of Slaying          Chrm           #####...     1%          2    ##.....
 Shroud of Golubria       Chrm/Tloc      ###...       3%          2    ##.....
 Animate Skeleton         Necr           N/A          14%         1    None
 Apportation              Tloc           #.....       14%         1    None
 Confusing Touch          Hex            #.....       14%         1    None
 Corona                   Hex            #......      14%         1    None
 Summon Small Mammal      Summ           #...         14%         1    None
 Slow                     Hex            #.......     22%         2    ##.....
 Inner Flame              Hex/Fire       #.......     41%         3    ###....
 Portal Projectile        Hex/Tloc       #.....       41%         3    ###....
 Cause Fear               Hex            #.........   82%         4    ####...
 Leda's Liquefaction      Hex/Erth       #.........   82%         4    ####...


Dungeon Overview and Level Annotations

Branches:
Dungeon (8/15)             Temple (1/1) D:5
   Lair: D:8-11

Altars:
Ashenzari
Cheibriados
Dithmenos
Elyvilon
Gozag
Hepliaklqana
Makhleb
Nemelex Xobeh
Okawaru
Qazlal
Ru
Sif Muna
Trog
Uskayaw
Vehumet
Wu Jian
Xom
Yredelemnul
Zin
The Shining One

Shops:
D:6 :

Annotations:
D:8 Harold


Innate Abilities, Weirdness & Mutations

((You can breathe bolts of dispelling energy.))
((Your rich purple scales are hard. (AC +7)))
You cannot fit into any form of body armour.
((You are cold-blooded and may be slowed by cold attacks.))


Message History

You hit the orc. You freeze the orc.
The orc is severely wounded.
The orc hits you but does no damage.
Evoke which item? (* to show all) (? for menu, Esc to quit)
Aiming: Scattershot
Press: ? - help, Shift-Dir - straight line, f/p - orc
Aim: an orc, wielding a +1 mace of distortion The burst of metal fragments hits the orc but does no damage.
The burst of metal fragments hits the orc.
You kill the orc!
The burst of metal fragments hits Harold.
The burst of metal fragments hits Harold but does no damage.
Harold is lightly wounded.
You feel sick.
The howler monkey hoots and howls with incredible vigour!
Harold hits you from afar with a +0 glaive.
* * * LOW HITPOINT WARNING * * *
The orc priest mumbles some strange prayers to Beogh against you.
Beogh smites you!
You die...

.... ##..##
....#* ##..##
,.....####..##
,* #.........#
** ##.....p.##
#...Ohoo##
##...OoY{##
#...hzzos@###
##....###.5O♣#
* #....##
######
.###....#
,........##
.........#
....###..##
...# ##..##
..#* ##..##
..* ##..##


You could see Harold, a two-headed ogre, a yak, a hog, a human, 2 ogres, a
scorpion, a howler monkey, 2 wights, an orc priest, a crimson imp and 3 orcs.

Vanquished Creatures
  A two-headed ogre (D:8)
  Pikel (D:3)
  A water moccasin (D:5)
  4 orc warriors
  A slave (D:3)
  An ice beast (D:8)
  A sky beast (D:5)
  A necrophage (D:5)
  A phantom (D:7)
  2 centaurs
  2 ogres
  5 bullfrogs
  17 killer bees
  4 scorpions
  A crimson imp (D:5)
  A jelly (D:5)
  3 bullfrog zombies
  5 orc priests
  A centaur skeleton (D:5)
  4 hounds
  6 orc wizards
  Crazy Yiuf (D:2)
  2 iguanas
  5 worker ants
  2 hound zombies
  4 gnolls (D:3)
  9 adders
  2 adder skeletons
  2 adder zombies
  4 worms
  3 dart slugs
  4 leopard geckos
  21 orcs
  8 bats
  10 giant cockroaches
  8 goblins
  3 hobgoblins
  9 jackals
  3 quokkas
  4 ball pythons
  A frilled lizard (D:1)
  12 kobolds
  A leopard gecko zombie (D:5)
  13 rats
194 creatures vanquished.

Vanquished Creatures (others)
  A leopard gecko (D:4)
1 creature vanquished.

Grand Total: 195 creatures vanquished

Notes
Turn   | Place    | Note
-------+----------+-------------------------------------------
     0 | D:1      | KristoblXynda the Draconian Skald began the quest for the
                  | Orb.
     0 | D:1      | Reached XP level 1. HP: 17/17 MP: 3/3
    70 | D:1      | Reached XP level 2. HP: 22/24 MP: 5/5
   750 | D:2      | Reached XP level 3. HP: 29/29 MP: 6/6
   841 | D:2      | Reached skill level 3 in Long Blades
   869 | D:2      | Found a shadowy altar of Dithmenos.
   871 | D:2      | Found a bloodstained altar of Trog.
  1031 | D:2      | Found a shattered altar of Ashenzari.
  1033 | D:2      | Found a hide-covered altar of Uskayaw.
  1099 | D:2      | Found a deep blue altar of Sif Muna.
  1167 | D:2      | Found a runed translucent door.
  1168 | D:2      | Noticed Crazy Yiuf
  1296 | D:2      | Reached XP level 4. HP: 32/36 MP: 7/7
  1624 | D:2      | Learned a level 3 spell: Regeneration
  1628 | D:2      | Learned a level 3 spell: Spectral Weapon
  1642 | D:2      | Killed Crazy Yiuf
  2254 | D:2      | Became a worshipper of Ashenzari the Shackled
  2279 | D:3      | Reached skill level 4 in Long Blades
  2279 | D:3      | Reached XP level 5. HP: 24/41 MP: 4/8
  2622 | D:3      | Found a burning altar of Makhleb.
  3522 | D:4      | Reached XP level 6. HP: 29/48 MP: 9/9
  3667 | D:4      | Reached skill level 5 in Long Blades
  3837 | D:4      | Noticed a slave
  3838 | D:4      | Noticed Pikel
  3855 | D:4      | Noticed a slave
  3882 | D:3      | Killed a slave
  3901 | D:3      | Killed Pikel
  3901 | D:3      | Reached skill level 6 in Long Blades
  3901 | D:3      | Your scales start taking on a rich purple colour.
  3901 | D:3      | Reached skill level 5 in Charms
  3901 | D:3      | Reached XP level 7. HP: 28/55 MP: 10/10
  4453 | D:5      | Entered Level 5 of the Dungeon
  4489 | D:5      | Reached * piety under Ashenzari
  4609 | D:5      | Found a staircase to the Ecumenical Temple.
  4809 | D:5      | Reached XP level 8. HP: 54/61 MP: 11/11
  4908 | D:5      | Reached skill level 7 in Long Blades
  5247 | D:5      | Reached skill level 5 in Dodging
  5891 | Temple   | Entered the Ecumenical Temple
  6352 | D:6      | Found an ornate altar of the Wu Jian Council.
  7027 | D:6      | Found Aqyet's Book Shop.
  7240 | D:6      | Reached ** piety under Ashenzari
  7265 | D:6      | Reached XP level 9. HP: 64/72 MP: 12/12
  7896 | D:7      | Reached skill level 8 in Long Blades
  8062 | D:7      | Reached skill level 5 in Fighting
  9780 | D:8      | Noticed a two-headed ogre
  9785 | D:8      | Noticed Harold
  9806 | D:8      | Killed a two-headed ogre
  9806 | D:8      | Reached skill level 9 in Long Blades
  9806 | D:8      | Reached XP level 10. HP: 37/83 MP: 14/16
  9811 | D:8      | Noticed a two-headed ogre
  9813 | D:8      | Killed from afar by an orc priest

Levels and vault maps discovered:
D:1:      dpeg_arrival_three_same_balls, layout_basic
D:2:      layout_loops_ring, lemuel_doored_altar,
          nicolae_overflow_hidden_temple, hangedman_decor_clover_reticule,
          uniq_crazy_yiuf_cottage
D:3:      layout_loops_corners, makhleb_heckhound_becter
D:4:      layout_rooms, uniq_pikel
D:5:      layout_basic, minmay_temple_entry_proselytizer, first_ration
D:6:      layout_layer_cave, old_standard_altar, serial_shops,
          nicolae_shop_stone
D:7:      layout_rooms, serial_co_window_serial, co_window_paths_a,
          co_window_corner_a, co_window_paths_b, co_window_of_opportunity_a,
          co_window_corner_a, co_window_broadway_b, co_window_broadway_c,
          co_window_paths_c, co_window_corner_ca, co_window_cross_4,
          co_window_paths_d, co_window_4corner_b, glass_columns_a,
          glass_columns_b, glass_columns_c, glass_columns_a
D:8:      layout_layer_cave, grunt_livestock, uniq_harold, uniq_gastronok
Temple:   eino_narrow_crystal_temple

Skill      XL: |  1  2  3  4  5  6  7  8  9 |
---------------+----------------------------+-----
Charms         | 3 5 6 7 8 |  8.9
Long Blades    | 3 4 6 7 9 |  9.1
Dodging        | 3 4 5 7 |  7.1
Fighting       | 4 5 |  5.6
Spellcasting   | 4 |  4.3

Action                   |  1- 3 |  4- 6 |  7- 9 | 10-12 || total
-------------------------+-------+-------+-------+-------++-------
Melee: Falchion          |    23 |       |       |       ||    23
       Dagger            |   103 |   204 |   248 |       ||   555
       Tailslap          |     9 |    20 |    41 |       ||    70
       Long sword        |       |       |   263 |     4 ||   267
 Cast: Regeneration      |       |     1 |       |       ||     1
       Spectral Weapon   |       |     1 |       |       ||     1
Invok: Curse Item        |       |       |     2 |       ||     2
 Abil: Breathe Dispellin |       |       |    11 |       ||    11
Evoke: Wand              |       |       |     1 |     3 ||     4
  Use: Scroll            |     2 |     6 |     8 |       ||    16
       Potion            |       |     2 |     6 |       ||     8
 Stab: Sleeping          |       |     3 |       |       ||     3
  Eat: Chunk             |     1 |     9 |    11 |       ||    21
       Ration            |       |       |     3 |       ||     3
Armor: Skin              |    41 |    66 |   198 |     2 ||   307
Dodge: Dodged            |    72 |   103 |   339 |       ||   514
       Rpst.: Falchion   |     5 |       |       |       ||     5
       Long sword        |       |       |    79 |       ||    79

Table legend:
 A = Non-vault XP
 B = Vault XP
 C = Vault XP percentage of total XP
 D = Non-vault monster count
 E = Vault monster count
 F = Vault count percentage of total count
                 A         B        C        D         E       F
            +---------+---------+-------+---------+---------+-------
      Total |    5831 |     715 |  10.9 |     189 |       4 |   2.1
            +---------+---------+-------+---------+---------+-------
        D:1 |      37 |       0 |   0.0 |      23 |       0 |   0.0
        D:2 |      72 |      39 |  35.1 |      27 |       1 |   3.6
        D:3 |     123 |     633 |  83.7 |      25 |       2 |   7.4
        D:4 |     377 |       0 |   0.0 |      15 |       0 |   0.0
        D:5 |     937 |      43 |   4.4 |      31 |       1 |   3.1
        D:6 |     756 |       0 |   0.0 |      19 |       0 |   0.0
        D:7 |    1901 |       0 |   0.0 |      35 |       0 |   0.0
        D:8 |    1628 |       0 |   0.0 |      14 |       0 |   0.0
            +---------+---------+-------+---------+---------+-------
